 Dungeon Crawl Stone Soup version 0.26-a0-597-gb535b0901c (webtiles) character file.

Game seed: 12969334134876354198

70004 Flugslaktarn the Warrior (level 14, -5/136 HPs)
             Began as a Minotaur Fighter on Sept 13, 2020.
             Was the Champion of Cheibriados.
             Slain by an entropy weaver (12 damage)
             ... on level 3 of the Spider Nest.
             The game lasted 00:10:05 (16873 turns).

Flugslaktarn the Warrior (Minotaur Fighter)        Turns: 16873, Time: 00:10:06

Health: -5/136     AC:  6    Str: 37    XL:     14   Next: 92%
Magic:  9/19       EV: 17    Int: 23    God:    Cheibriados [******]
Gold:   2312       SH: 21    Dex: 26    Spells: 13/13 levels left

rFire    . . .     SeeInvis .   u - +5 broad axe (venom)
rCold    . . .     Faith    .   c - +0 kite shield
rNeg     . . .     Spirit   .   D - +0 plate armour
rPois    +         Reflect  +   (helmet restricted)
rElec    .         Harm     .   e - +2 cloak {rPois}
rCorr    +                      (no gloves)
MR       +....                  m - +2 pair of boots
Stlth    ..........             y - amulet of reflection
HPRegen  0.32/turn              k - ring of resist corrosion (curse)
MPRegen  0.16/turn              (no ring)

@: corroded, very slow
A: retaliatory headbutt, horns 2
a: Bend Time, Temporal Distortion, Slouch, Step From Time, Renounce Religion


You were on level 3 of the Spider Nest.
You worshipped Cheibriados.
Cheibriados was exalted by your worship.
You visited 3 branches of the dungeon, and saw 21 of its levels.

You collected 2312 gold pieces.

Inventory:

Hand Weapons
 i - a +2 hand axe of electrocution
   (You found it on level 4 of the Dungeon)
 u - a +5 broad axe of venom (weapon)
   (You found it on level 5 of the Dungeon)
Missiles
 F - 3 throwing nets (quivered)
Armour
 c - a +0 kite shield (worn)
 e - a +2 cloak of poison resistance (worn)
   (You found it on level 2 of the Dungeon)
 m - a +2 pair of boots (worn)
   (You found it on level 1 of the Dungeon)
 D - a +0 plate armour (worn)
   (You took it off an orc warrior on level 13 of the Dungeon)
Jewellery
 k - a cursed ring of resist corrosion (left hand)
   (You found it on level 12 of the Dungeon)
 y - an amulet of reflection (around neck)
   (You found it on level 1 of the Dungeon)
 E - an uncursed ring of protection from fire {unknown}
   (You found it on level 3 of the Lair of Beasts)
Wands
 b - a wand of iceblast (16)
   (You took it off Pikel on level 7 of the Dungeon)
 j - a wand of digging (5)
   (You found it on level 4 of the Dungeon)
 B - a wand of paralysis (24)
   (You found it on level 8 of the Dungeon)
 J - a wand of enslavement (6)
   (You found it on level 14 of the Dungeon)
Scrolls
 a - a scroll of enchant armour
 l - 3 scrolls of magic mapping
 n - 5 scrolls of fear
 p - 2 scrolls of summoning
 r - 2 scrolls of identify
 t - 2 scrolls of teleportation
 x - 8 scrolls of remove curse
 z - 2 scrolls of blinking
 A - 2 scrolls of immolation
 C - 6 scrolls of fog
 G - a scroll of brand weapon
Potions
 d - a potion of might
 f - 2 potions of ambrosia
 g - 6 potions of flight
 h - a potion of haste
 o - 3 potions of heal wounds {unknown}
 q - a potion of curing
 s - 7 potions of mutation
 v - a potion of invisibility
 w - 3 potions of cancellation
 I - 4 potions of lignification
 K - a potion of magic {unknown}


   Skills:
 * Level 15.9 Fighting
 * Level 15.8 Axes
 + Level 11.9 Armour
 + Level 9.9 Dodging
 + Level 11.9 Shields
 + Level 9.2 Invocations


You had 13 spell levels left.
You didn't know any spells.
Your spell library was empty.

Dungeon Overview and Level Annotations

Branches:
Dungeon (14/15)            Temple (0/1) D:7            Lair (3/6) D:9
 Shoals (0/4) Lair:3       Spider (4/4) Lair:2          Orc (0/2) D:9
 Vaults (0/5) D:13

Altars:
Cheibriados
Dithmenos
Fedhas
Gozag
Hepliaklqana
Nemelex Xobeh
Sif Muna
Trog
Vehumet
Yredelemnul
Zin
The Shining One

Shops:
D:10 (

Annotations:
D:8 2 runed translucent doors
D:14 Frances, Jorgrun, Josephine


Innate Abilities, Weirdness & Mutations

You reflexively headbutt those who attack you in melee.
You have a pair of horns on your head.


Message History

You hit the entropy weaver but do no damage.
The entropy weaver looks as sick as possible!
The entropy weaver is lightly wounded.
The entropy weaver hits you!
* * * LOW HITPOINT WARNING * * *
You block the entropy weaver's attack.
The entropy weaver hits you but does no damage. x2
You are too injured to fight recklessly!
Okay, then.
You step out of the flow of time.
You return to the normal time flow.
The entropy weaver twitches its antennae in your direction.
As you read the scroll of fear, it crumbles to dust.
You assume a fearsome visage.
The entropy weaver resists with almost no effort.
As you read the scroll of fear, it crumbles to dust.
You assume a fearsome visage.
The entropy weaver easily resists.
You block the entropy weaver's attack. The entropy weaver hits you.
* * * LOW HITPOINT WARNING * * *
The entropy weaver hits you!
You die...

##### ##.#.###
##....<.#
#..#.@a#.†.#
#...†.....#
#.........##
#.........#
....^#......#
...............
.................
...................
.^....^..^......


You could see an entropy weaver.

Vanquished Creatures
  2 emperor scorpions
  2 entropy weavers
  Erolcha (D:10)
  Harold (Lair:2)
  2 hydras
  4 centaur warriors
  6 two-headed ogres
  2 dancing weapons (D:13)
  2 death knights
  A queen ant (Lair:3)
  5 skeletal warriors
  An unseen horror (D:11)
  A wizard (D:14)
  Pikel (D:7)
  4 orb spiders
  An orc knight (D:11)
  2 manticores
  7 ugly things
  A deep elf mage (D:11)
  A salamander (shapeshifter) (D:8)
  8 wolf spiders
  2 cyclopes
  A moth of wrath (Spider:1)
  A black mamba (Lair:3)
  3 komodo dragons
  A cane toad (Lair:2)
  A gargoyle (D:11)
  A kobold demonologist (D:11)
  2 rime drakes (Lair:2)
  8 demonic crawlers
  An efreet (D:11)
  15 jumping spiders
  4 polar bears (Lair:3)
  4 trolls
  A hornet (shapeshifter) (D:13)
  Prince Ribbit (D:7)
  Grinder (D:3)
  3 slime creatures (D:12)
  4 hornets
  6 hippogriffs
  14 blink frogs
  A meliai zombie (D:12)
  A snapping turtle (Lair:3)
  13 wraiths
  32 redbacks
  8 tarantellas
  3 wyverns
  3 steam dragons
  3 vampire mosquitoes (D:12)
  10 yaks
  Grum (D:8)
  7 soldier ants (Lair:3)
  An acid dragon (D:11)
  3 water moccasins
  7 porcupines
  5 black bears
  2 ice beasts
  7 orc warriors
  2 sky beasts
  A necrophage (D:8)
  2 phantoms
  2 hornet zombies
  4 ogres
  4 boggarts (D:11)
  6 wolves
  13 centaurs
  8 crocodiles
  3 lemures (D:7)
  15 bullfrogs
  3 big kobolds
  A wyvern zombie (D:7)
  A scorpion (D:9)
  17 wights
  5 killer bees
  A howler monkey (D:7)
  3 centaur zombies
  2 bullfrog zombies
  2 quasits
  Crazy Yiuf (D:7)
  5 hounds
  6 jellies
  7 orc priests
  4 bullfrog skeletons
  10 orc wizards
  3 centaur skeletons
  2 iguanas
  23 worker ants
  2 killer bee zombies
  A hound zombie (D:9)
  A hound skeleton (D:10)
  2 worker ant zombies
  A howler monkey zombie (D:7)
  14 gnolls
  17 adders
  A shadow imp (D:5)
  A white imp (D:9)
  An ufetubus (D:8)
  2 oozes
  3 adder skeletons
  2 worms
  5 leopard geckos
  36 orcs
  A ball python (D:3)
  2 giant cockroaches
  12 goblins
  9 hobgoblins
  4 jackals
  23 kobolds
  2 quokkas
  7 bats
  6 frilled lizards
  13 rats
560 creatures vanquished.

Vanquished Creatures (others)
  Nessos (D:14)
  A demonic crawler (Spider:1)
  A redback (Spider:1)
  6 fungi
  6 plants (Lair:3)
15 creatures vanquished.

Grand Total: 575 creatures vanquished

Notes
Turn   | Place    | Note
-------+----------+-------------------------------------------
     0 | D:1      | Flugslaktarn the Minotaur Fighter began the quest for the
                  | Orb.
     0 | D:1      | Reached XP level 1. HP: 19/19 MP: 0/0
   164 | D:1      | Reached XP level 2. HP: 27/27 MP: 1/1
   654 | D:1      | Reached XP level 3. HP: 33/33 MP: 2/2
  1159 | D:2      | Reached XP level 4. HP: 41/41 MP: 3/3
  1192 | D:3      | Noticed Grinder
  1200 | D:3      | Paralysed by Grinder for 7 turns
  1330 | D:2      | Found a shimmering blue altar of Sif Muna.
  1368 | D:2      | Found a hazy altar of Hepliaklqana.
  1614 | D:2      | Reached skill level 5 in Fighting
  1614 | D:2      | Reached XP level 5. HP: 48/48 MP: 4/4
  1748 | D:3      | Paralysed by Grinder for 7 turns
  1770 | D:3      | Paralysed by Grinder for 7 turns
  1783 | D:3      | Killed Grinder
  1783 | D:3      | Reached skill level 5 in Axes
  1783 | D:3      | Reached skill level 5 in Shields
  1783 | D:3      | Reached XP level 6. HP: 24/57 MP: 5/5
  2051 | D:3      | Found a shadowy altar of Dithmenos.
  2138 | D:3      | Found a blossoming altar of Fedhas.
  2200 | D:3      | Found a basalt altar of Yredelemnul.
  2205 | D:3      | Found a glowing golden altar of the Shining One.
  2207 | D:3      | Noticed an angel
  2573 | D:4      | Reached skill level 5 in Armour
  2574 | D:4      | Reached XP level 7. HP: 61/63 MP: 6/6
  2718 | D:4      | Found a sparkling altar of Nemelex Xobeh.
  2903 | D:5      | Entered Level 5 of the Dungeon
  2909 | D:5      | Found a snail-covered altar of Cheibriados.
  2939 | D:5      | Became a worshipper of Cheibriados the Contemplative
  3124 | D:5      | Reached skill level 1 in Dodging
  3131 | D:5      | Reached skill level 1 in Invocations
  3138 | D:5      | Reached XP level 8. HP: 61/73 MP: 7/7
  3141 | D:5      | Identified the +4 arbalest of Ixtaezac {speed, rElec rC+}
  3143 | D:5      | Reached * piety under Cheibriados
  3427 | D:5      | Found a glowing silver altar of Zin.
  3767 | D:6      | Reached ** piety under Cheibriados
  4027 | D:6      | Reached XP level 9. HP: 82/82 MP: 9/9
  4317 | D:7      | Noticed Pikel
  4325 | D:7      | Killed Pikel
  4452 | D:7      | Noticed Prince Ribbit
  4469 | D:7      | Killed Prince Ribbit
  4652 | D:7      | Found a staircase to the Ecumenical Temple.
  4654 | D:7      | Found a faded altar of an unknown god.
  4963 | D:7      | Found a runed translucent door.
  4964 | D:7      | Noticed Crazy Yiuf
  5186 | D:7      | Reached *** piety under Cheibriados
  5464 | D:7      | Killed Crazy Yiuf
  5494 | D:8      | Found a large runed translucent door.
  5495 | D:8      | Found a large runed translucent door.
  5496 | D:8      | Found a large runed translucent door.
  5496 | D:8      | Found a large runed translucent door.
  5498 | D:8      | Noticed a death knight
  5625 | D:8      | Noticed Grum
  5631 | D:8      | Killed Grum
  5631 | D:8      | Reached XP level 10. HP: 90/93 MP: 11/11
  5738 | D:8      | Noticed a salamander
  5738 | D:8      | a tarantella changed into a salamander
  5745 | D:8      | Killed a salamander
  5745 | D:8      | Reached skill level 10 in Fighting
  5966 | D:8      | Found a bloodstained altar of Trog.
  6039 | D:8      | Noticed a two-headed ogre
  6048 | D:8      | Killed a two-headed ogre
  6048 | D:8      | Reached skill level 10 in Axes
  6280 | D:8      | Found an opulent altar of Gozag.
  6534 | D:8      | Killed a death knight
  6534 | D:8      | Reached skill level 5 in Dodging
  6830 | D:9      | Found a staircase to the Lair.
  7132 | D:9      | Reached **** piety under Cheibriados
  7316 | D:9      | Found a staircase to the Orcish Mines.
  7366 | D:10     | Entered Level 10 of the Dungeon
  7370 | D:10     | Noticed Erolcha
  7379 | D:10     | Killed Erolcha
  7462 | D:10     | Reached skill level 5 in Invocations
  7743 | D:10     | Reached XP level 11. HP: 102/102 MP: 13/13
  7781 | D:10     | Got a dazzling war axe
  7782 | D:10     | Identified the +6 war axe of Fublefy {pain, *Corrode rF+++
                  | MR- Int+6} (You found it on level 10 of the Dungeon)
  8008 | D:10     | Reached ***** piety under Cheibriados
  8089 | D:10     | Found the +5 scythe "Finisher" {speed, eviscerate}
  8217 | D:10     | Found Itzigh's Weapon Boutique.
  8418 | D:11     | Killed an unseen horror
  8515 | D:11     | Identified the ring of Joy {*Tele rN+}
  8515 | D:11     | Noticed a deep elf mage
  8516 | D:11     | Noticed an orc knight
  8526 | D:11     | Killed an orc knight
  8528 | D:11     | Killed a deep elf mage
  8528 | D:11     | Noticed a death knight
  8529 | D:11     | Noticed a two-headed ogre
  8538 | D:11     | Killed a death knight
  8553 | D:11     | Killed a two-headed ogre
  8707 | D:11     | Noticed a brown ugly thing
  8717 | D:11     | Killed a brown ugly thing
  8940 | D:11     | Noticed a skeletal warrior
  8947 | D:11     | Killed a skeletal warrior
  9049 | D:11     | Noticed a two-headed ogre
  9058 | D:11     | Killed a two-headed ogre
  9058 | D:11     | Reached XP level 12. HP: 94/113 MP: 15/15
  9154 | D:11     | Reached ****** piety under Cheibriados
 10632 | D:12     | Found a radiant altar of Vehumet.
 11111 | D:13     | Reached skill level 10 in Shields
 11128 | D:13     | Noticed a two-headed ogre
 11133 | D:13     | Killed a two-headed ogre
 11133 | D:13     | Reached skill level 10 in Armour
 11169 | D:13     | Found a gate to the Vaults.
 11175 | D:13     | Noticed a six-headed hydra
 11181 | D:13     | Noticed a centaur warrior
 11184 | D:13     | Killed a nine-headed hydra
 11187 | D:13     | Killed a centaur warrior
 11219 | D:13     | Noticed a centaur warrior
 11222 | D:13     | Killed a centaur warrior
 11222 | D:13     | Reached XP level 13. HP: 88/123 MP: 17/17
 11846 | D:14     | Noticed Nessos
 11860 | D:14     | Killed Nessos
 12202 | D:14     | Noticed Jorgrun
 12204 | D:14     | Noticed Josephine
 12502 | D:14     | Noticed Frances
 12890 | D:14     | HP: 6/125 [Jorgrun/+0 vorpal quarterstaff (12)]
 13388 | Lair:1   | Entered Level 1 of the Lair of Beasts
 14037 | Lair:2   | Noticed Harold
 14045 | Lair:2   | Killed Harold
 14308 | Lair:2   | Found a frozen archway.
 14348 | Lair:2   | Found a hole to the Spider Nest.
 14354 | Lair:2   | You fall into a shaft and drop 1 floor!
 14481 | Lair:3   | Reached XP level 14. HP: 118/133 MP: 19/19
 14695 | Lair:3   | Identified a scroll of acquirement
 14695 | Lair:3   | Acquired 1000 gold pieces
 14868 | Lair:3   | Reached skill level 15 in Fighting
 15081 | Lair:3   | Found a staircase to the Shoals.
 15313 | Spider:1 | Entered Level 1 of the Spider Nest
 15313 | Spider:1 | Noticed an emperor scorpion
 15329 | Spider:1 | Killed an emperor scorpion
 15333 | Spider:1 | Reached skill level 15 in Axes
 15340 | Spider:1 | HP: 5/135 [demonic crawler (2)]
 15881 | Spider:1 | Noticed an entropy weaver
 15891 | Spider:1 | Killed an entropy weaver
 16704 | Spider:4 | Entered Level 4 of the Spider Nest
 16704 | Spider:4 | Noticed an emperor scorpion
 16724 | Spider:4 | Killed an emperor scorpion
 16824 | Spider:4 | Noticed an entropy weaver
 16836 | Spider:4 | Killed an entropy weaver
 16850 | Spider:4 | Noticed an entropy weaver
 16873 | Spider:3 | Slain by an entropy weaver

Illustrated notes

Levels and vault maps discovered:
D:1:      mainiacjoe_arrival_reflecting_pool, layout_basic, minmay_distorted
D:2:      layout_rooms, marbit_many_paths, lemuel_blue_sif_altar
D:3:      layout_basic, grunt_temple_overflow_holy_war, lemuel_doored_altar,
          grunt_dithmenos_smoke, palyth_stone_intersect, uniq_grinder
D:4:      layout_gridville, nemelex_dance_club_becter
D:5:      minmay_octagon_keep, layout_basic, zin_scriptorium,
          cheibriados_altar_1
D:6:      layout_loops_ring
D:7:      layout_basic, nicolae_temple_entry_ecumenical, uniq_prince_ribbit1,
          uniq_crazy_yiuf_cottage, uniq_pikel
D:8:      layout_loops_ring, lightli_temple_of_fire, overflow_temple_1_default,
          minmay_hollow_rounded_squares, uniq_grum
D:9:      layout_gridville, lair_entry_dummy, orc_0_dummy
D:10:     layout_stronghold, serial_shops, shop, minmay_guarded_unrand_finisher,
          uniq_erolcha
D:11:     minmay_the_grid_octo_tiled_octocenter_mashed
          [minmay_the_grid_octo_thin_diamonds,
          minmay_the_grid_octo_tetromino_candy, minmay_the_grid_octo_checkered,
          minmay_the_grid_octo_horde, minmay_the_grid_octo_prize_star,
          minmay_the_grid_square_5x5_bridge, minmay_the_grid_square_5x5_fat_x,
          minmay_the_grid_square_5x5_longway,
          minmay_the_grid_square_5x5_inverted_slash], layout_basic
D:12:     layout_gridville, basic_altar
D:13:     layout_small_grid, erik_vaults_1
D:14:     layout_basic, uniq_josephine, uniq_jorgrun, uniq_nessos, uniq_rupert,
          uniq_frances
Lair:1:   layout_long_grid, gammafunk_ghost_necromancy
Lair:2:   layout_cave_shapes, spider_nest_entry_webs, portal_ice_cave_rime,
          uniq_harold
Lair:3:   beast_lair_carwin_large_2, layout_regular_city,
          minmay_shoals_entry_hut, minmay_another_anthill
Spider:1: layout_spider_delve, drop_trap, uniq_agnes
Spider:2: layout_spider_delve, worms_lemuel, uniq_aizul
Spider:3: layout_spider_delve, drop_trap, nicolae_spider_circle_web
Spider:4: grunt_spider_rune_parallel

Skill      XL: |  1  2  3  4  5  6  7  8  9 10 11 12 13 14 |
---------------+-------------------------------------------+-----
Fighting       | 4 5 6 7 8 9 11 12 13 14 15 | 15.9
Axes           | 3 4 5 6 8 9 10 12 13 14 15 | 15.8
Shields        | 4 5 6 7 8 9 10 11 | 11.9
Armour         | 4 5 6 7 8 9 10 11 | 11.9
Dodging        | 1 2 4 5 6 7 9 |  9.9
Invocations    | 1 2 3 5 6 7 8 9 |  9.2

Action                   |  1- 3 |  4- 6 |  7- 9 | 10-12 | 13-15 || total
-------------------------+-------+-------+-------+-------+-------++-------
Melee: War axe           |   108 |   127 |       |       |       ||   235
       Headbutt          |    14 |    27 |    52 |   131 |   146 ||   370
       Hand axe          |       |    12 |   231 |   110 |       ||   353
       Broad axe         |       |       |       |   269 |   431 ||   700
Invok: Slouch            |       |       |       |       |     6 ||     6
       Temporal Distorti |       |       |       |       |     1 ||     1
       Step From Time    |       |       |       |       |     1 ||     1
Evoke: Wand              |       |       |     1 |       |       ||     1
  Use: Scroll            |       |    10 |     8 |    11 |    15 ||    44
       Potion            |       |     1 |       |     1 |     5 ||     7
 Stab: Sleeping          |       |       |       |       |     1 ||     1
Armor: Scale mail        |     8 |       |       |       |       ||     8
       Plate armour      |    46 |    62 |    73 |   132 |   166 ||   479
       Skin              |       |     3 |       |     4 |       ||     7
Dodge: Dodged            |    12 |    13 |    28 |   117 |   206 ||   376
Block: Kite shield       |    84 |   112 |   163 |   392 |   512 ||  1263
       Reflection        |     7 |     3 |     5 |    34 |    23 ||    72

Table legend: (Time is in decaauts)
 A = Elapsed time spent in this place.
 B = Non-inter-level travel time spent in this place.
 C = Inter-level travel time spent in this place.
 D = Time resting spent in this place.
 E = Time spent auto-exploring this place.
 F = Levels seen in this place.
 G = Mean time per level.
                   A        B        C        D        E       F      G
               +--------+--------+--------+--------+--------+-----+--------+
         Total |  23280 |  22160 |   1120 |   1717 |  17254 |  21 | 1108.6 |
       Dungeon |  18163 |  17219 |    944 |    864 |  13846 |  14 | 1297.4 |
          Lair |   4012 |   3890 |    122 |    697 |   2808 |   3 | 1337.3 |
   Spider Nest |   1104 |   1051 |     53 |    156 |    599 |   4 |  276.0 |
               +--------+--------+--------+--------+--------+-----+--------+

Top non-repeatable levels by time:
    D:11: 2328 daAuts
    D:12: 1986 daAuts
     D:7: 1825 daAuts
     D:8: 1647 daAuts
    D:13: 1641 daAuts
  Lair:3: 1616 daAuts
    D:10: 1551 daAuts
  Lair:2: 1487 daAuts
    D:14: 1464 daAuts
     D:9: 1057 daAuts
     D:1: 956 daAuts
     D:6: 923 daAuts
  Lair:1: 907 daAuts
     D:5: 735 daAuts
     D:3: 726 daAuts
